 Dungeon Crawl Stone Soup version 0.30-a0-799-g109b55a442 (webtiles) character file.

Game seed: 4387010117655718745

56 Esekla the Sneak (level 3, -2/26 HPs)
             Began as an Octopode Delver on Feb 20, 2023.
             Slain by a black bear (5 damage)
             ... on level 5 of the Dungeon.
             The game lasted 00:01:18 (109 turns).

Esekla the Sneak (Octopode Delver)                   Turns: 109, Time: 00:01:19

Health: -2/26      AC:  1    Str: 11    XL:     3   Next: 95%
Magic:  1/4        EV: 13    Int: 14    God:
Gold:   0          SH:  0    Dex: 13    Spells: 4/4 levels left

rFire   . . .      SeeInvis .    a - +0 falchion
rCold   . . .      Faith    .    (no shield)
rNeg    . . .      Spirit   .    (helmet restricted)
rPois   .          Reflect  .    (no amulet)
rElec   .          Harm     .    (no ring)
rCorr   .          Rampage  .    (no ring)
Will    .....                    (no ring)
Stlth   ++++                     (no ring)
HPRegen 0.24/turn                (no ring)
MPRegen 0.09/turn                (no ring)
                                 (no ring)
                                 (no ring)

@: no status effects
A: almost no armour, amphibious, 8 rings, camouflage 1, gelatinous body 1,
(nimble swimmer 1), tentacles
a: no special abilities


You were on level 5 of the Dungeon.
You visited 1 branch of the dungeon, and saw 1 of its levels.

Inventory:

Hand Weapons
 a - a +0 falchion (weapon)
Wands
 f - a wand of digging (3)
Scrolls
 b - a scroll of fog
 d - a scroll of fear
 g - a scroll of brand weapon {unknown}
 i - a scroll of amnesia {unknown}
Potions
 e - a potion of haste
 h - 2 potions of mutation {unknown}


   Skills:
 * Level 3.3 Fighting
 * Level 2.3 Long Blades
 * Level 2.3 Dodging
 + Level 7.3 Stealth
 * Level 1.0 Spellcasting


You had 4 spell levels left.
You didn't know any spells.
Your spell library was empty.

Dungeon Overview and Level Annotations

Branches:
Dungeon (5/15)
 Temple: D:4-7

Altars:

Annotations:
D:5 Duvessa


Innate Abilities, Weirdness & Mutations

You cannot wear most types of armour.
You are amphibious.
You can wear up to eight rings at the same time.
Your skin changes colour to match your surroundings (Stealth+).
Your rubbery body absorbs attacks. (AC +1, EV +1)
((You are camouflaged when in or above water. (Stealth+)))
You have tentacles for arms and can constrict up to eight enemies at once.


Message History

A necrophage comes into view.
As you read the scroll of magic mapping, it crumbles to dust.
You feel aware of your surroundings.
A scorpion comes into view.
The orc hits you from afar with a +0 trident.
Found a scroll labelled QUOKUC OKAUGGU.
The orc complains loudly.
You hit the scorpion but do no damage. Your grab misses the scorpion.
The scorpion stings you.
You hit the scorpion but do no damage. You grab the scorpion.
You squeeze the scorpion.
The scorpion is lightly wounded.
You constrict the scorpion. The scorpion barely misses you.
The scorpion closely misses you.
You hit the scorpion.
You squeeze the scorpion, but do no damage.
The scorpion is moderately wounded.
You constrict the scorpion. The scorpion barely misses you.
You hit the scorpion. You squeeze the scorpion.
The scorpion is almost dead.
You constrict the scorpion, but do no damage.
The scorpion misses you. The scorpion barely misses you.
You hit the scorpion.
You kill the scorpion!
The black bear closely misses you. The black bear claws you. x2
Your Stealth skill increases to level 7!
Your Spellcasting skill increases to level 1!
You have reached level 2!
You have reached level 3!
Your experience leads to an increase in your attributes!
Increase (S)trength, (I)ntelligence, or (D)exterity?
You feel clever. x2
You see here a +0 quarterstaff.
The black bear attacks as you move away!
The black bear bites you.
* * * LOW HITPOINT WARNING * * *
The black bear claws you.
* * * LOW HITPOINT WARNING * * *
The black bear claws you.
You die...

*,,o?.### ####.########*,
***###,**#...# #...........#*,
***,,,...* #...####.#...#####.#*,
,,,,***#.###...o...o.......#*,**,
**,*,**#.......####.#...##.#*,**,
,,***,####.##..####.##.##*,#*,**,
**,*,*#..........##.##...,,**,**,
**,**#.##o##!.#.##.###...,**,**,
***,***,*#.##..#@##.#**.##.**,**,
,,,,,,,,*#.##..#h##..,,,,,,,,,,,,
,*****,,*#.##..#o#*..**,**,**,***
,* #..##.##w..w#*<,**,*,,,*,* ,*
#....onh.#..#,,,,,,,,,,,,* ,*
#.....##....#,***,*,,,,,,*
,****#....s........# *,,,,,,,**
,,,,....#..........#**,,,,,,**
***####......?...#...,,,*****


You could see a black bear, a worm and an orc.

Vanquished Creatures
  A scorpion (D:5)
1 creature vanquished.

Notes
Turn   | Place    | Note
-------+----------+-------------------------------------------
     0 | D:5      | Esekla the Octopode Delver began the quest for the Orb.
     0 | D:5      | Reached XP level 1. HP: 16/16 MP: 1/1
    29 | D:5      | Noticed an iguana
    48 | D:5      | Noticed Duvessa
    71 | D:5      | Noticed a black bear
    94 | D:5      | Noticed a necrophage
    95 | D:5      | Noticed a scorpion
   107 | D:5      | Killed a scorpion
   108 | D:5      | Reached skill level 7 in Stealth
   108 | D:5      | Reached skill level 1 in Spellcasting
   108 | D:5      | Reached XP level 2. HP: 9/21 MP: 1/3
   108 | D:5      | Reached XP level 3. HP: 11/26 MP: 1/4
   109 | D:5      | Slain by a black bear

Illustrated notes

Levels and vault maps discovered:
D:5:      layout_loops_ring, uniq_duvessa

Skill      XL: |  1 |
---------------+----+-----
Stealth        | 7 |  7.3
Spellcasting   | 1 |  1.0
Fighting       | |  3.3
Long Blades    | |  2.3
Dodging        | |  2.3

Action                     || total
---------------------------++-------
  Melee: Falchion          ||     5
         Tentacles         ||     3
         Constrict         ||     1
    Use: Scroll            ||     1
  Dodge: Dodged            ||     6

Table legend: (Time is in decaauts)
 A = Elapsed time spent in this place.
 B = Non-inter-level travel time spent in this place.
 C = Inter-level travel time spent in this place.
 D = Time resting spent in this place.
 E = Time spent auto-exploring this place.
 F = Levels seen in this place.
 G = Mean time per level.
                   A        B        C        D        E       F      G
               +--------+--------+--------+--------+--------+-----+--------+
         Total |    110 |    110 |      0 |      0 |      1 |   1 |  110.0 |
       Dungeon |    110 |    110 |      0 |      0 |      1 |   1 |  110.0 |
               +--------+--------+--------+--------+--------+-----+--------+

Top non-repeatable levels by time:
     D:5: 110 daAuts
